 Dungeon Crawl Stone Soup version 0.29.0-7-g18a832c13a (webtiles) character file.

Game seed: 17995065787721827756

29 Woods the Magician (level 3, 0/26 HPs)
             Began as a Djinni Conjurer on Sept 1, 2022.
             Slain by a goblin
             ... wielding a +0 club
             ... led by Robin
              (1 damage)
             ... on level 1 of the Dungeon.
             The game lasted 00:03:37 (1666 turns).

Woods the Magician (Djinni Conjurer)                Turns: 1666, Time: 00:03:38

Health: 0/26       AC:  2    Str:  6    XL:     3   Next: 32%
Gold:   50         EV: 12    Int: 21    God:
                   SH:  0    Dex: 11

rFire   + + .      SeeInvis .   (no weapon)
rCold   x . .      Faith    .   (no shield)
rNeg    . . .      Spirit   .   a - +0 robe
rPois   ∞          Reflect  .   (no helmet)
rElec   .          Harm     .   (no cloak)
rCorr   .          Rampage  .   (no gloves)
Will    .....                   (boots unavailable)
Stlth   ++........              (no amulet)
HPRegen 0.08/turn               (no ring)
MPRegen 0.00/turn               (no ring)

@: flying
A: sickness immunity, fire resistance 2, cold vulnerability 1, float, innate
caster, HP casting, extra vitality 1
a: no special abilities


You were on level 1 of the Dungeon.
You visited 1 branch of the dungeon, and saw 2 of its levels.

You collected 86 gold pieces.
You spent 36 gold pieces at shops.

Inventory:

Armour
 a - a +0 robe (worn)
Scrolls
 c - 3 scrolls of teleportation {unknown}
 d - a scroll of summoning {unknown}
 g - a scroll of butterflies {unknown}
Potions
 b - 2 potions of curing
 e - a potion of mutation {unknown}
 f - a potion of brilliance {unknown}


   Skills:
 + Level 0.8 Fighting
 + Level 2.6 Dodging
 + Level 2.0 Stealth
 * Level 3.5 Spellcasting


You couldn't memorise any spells.
You knew the following spells:

 Your Spells              Type           Power      Damage    Failure   Level
a - Magic Dart            Conj           72%        1d6       3%          1
b - Searing Ray           Conj           36%        2d5       4%          2
c - Dazzling Flash        Conj/Hex       36%        N/A       9%          3
d - Fulminant Prism       Conj/Hex       9%         3d7       28%         4
e - Iskenderun's Mystic   Conj/Tloc      18%        2d6       28%         4
f - Slow                  Hex            72%        N/A       3%          1
Your spell library was empty.

Dungeon Overview and Level Annotations

Branches:
Dungeon (2/15)

Altars:

Shops:
D:1 !

Annotations:
D:2 Robin


Innate Abilities, Weirdness & Mutations

You are immune to sickness and miasma.
You are immune to poison.
Your flesh is very heat resistant. (rF++)
You are vulnerable to cold. (rC-)
You float through the air rather than walking.
You learn spells naturally, not from books.
Your magical power is your life essence.
You have superior vitality. (+4 MHP)


Message History

Aiming: Magic Dart (safe; 3% risk of failure)
Press: ? - help, Q - select action, (/) - cycle Shift-Dir - straight line, f/p - hobgoblin
Aim: a hobgoblin (100% to hit)
The magic dart hits the hobgoblin but does no damage.
The hobgoblin hits you.
* * * LOW HITPOINT WARNING * * *
The goblin hits you with a +0 club.
* * * LOW HITPOINT WARNING * * *
The hobgoblin hits you but does no damage.
The goblin attacks as you move away! The goblin barely misses you.
Aiming: Magic Dart (safe; 3% risk of failure)
Press: ? - help, Q - select action, (/) - cycle Shift-Dir - straight line, f/p - hobgoblin
Aim: a hobgoblin (100% to hit)
The magic dart hits the hobgoblin.
The hobgoblin is almost dead.
* * * LOW HITPOINT WARNING * * *
The hobgoblin closely misses you.
Aiming: Magic Dart (safe; 3% risk of failure)
Press: ? - help, Q - select action, (/) - cycle Shift-Dir - straight line, f/p - hobgoblin
Aim: a hobgoblin (almost dead, 100% to hit)
The magic dart hits the hobgoblin but does no damage.
The hobgoblin is almost dead.
* * * LOW HITPOINT WARNING * * *
Aiming: Magic Dart (safe; 3% risk of failure)
Press: ? - help, Q - select action, (/) - cycle Shift-Dir - straight line, f/p - hobgoblin
Aim: a hobgoblin (almost dead, 100% to hit)
The magic dart hits the hobgoblin.
You kill the hobgoblin!
* * * LOW HITPOINT WARNING * * *
The goblin completely misses you. The goblin attacks as you move away!
The goblin hits you with a +0 club.
* * * LOW HITPOINT WARNING * * *
Aiming: Magic Dart (safe; 3% risk of failure)
Press: ? - help, Q - select action, (/) - cycle Shift-Dir - straight line, f - goblin
Aim: a goblin, wielding a +0 club (100% to hit)
The magic dart hits the goblin.
The goblin is severely wounded.
* * * LOW HITPOINT WARNING * * *
The goblin hits you with a +0 club.
You die...

♣♣.# ##... ♣♣..# #####....
♣♣...# ########.)......
♣....# #..[.......##...
♣♣....## #.#####.########
♣......## ##.## #..# #
♣.......###†..###.## ##
♣.8..8..8##g#...#.# #.
♣♣........'@.###...########.
♣.=<......'.#####...........
♣♣........'.# #.)>##.......#
♣.8..8..8### #.####.#####.#
♣♣......## #.# ##.# #..
♣.....## ##.###..# ##..
♣♣...## ##..##..## ##...
♣...# #..##..## ##..## ♣...#
#.###.## #..###


You could see a goblin.

Vanquished Creatures
  A dart slug (D:1)
  3 ball pythons
  5 bats (D:1)
  4 endoplasms
  4 goblins (D:1)
  4 hobgoblins
  2 rats (D:1)
23 creatures vanquished.

Notes
Turn   | Place    | Note
-------+----------+-------------------------------------------
     0 | D:1      | Woods the Djinni Conjurer began the quest for the Orb.
     0 | D:1      | Woods set off with the following spells memorised: Magic
                  | Dart, Searing Ray, Dazzling Flash, Fulminant Prism,
                  | Iskenderun's Mystic Blast.
     0 | D:1      | Reached XP level 1. HP: 15/15 MP: 0/0
   384 | D:1      | Reached XP level 2. HP: 19/21 MP: 0/0
   792 | D:1      | Found Mowon's Distillery.
   795 | D:1      | Bought a potion of curing for 36 gold pieces
   988 | D:1      | Reached XP level 3. HP: 25/26 MP: 0/0
   988 | D:1      | Learned a level 1 spell: Slow
  1489 | D:2      | Noticed Robin
  1666 | D:1      | Slain by a goblin

Illustrated notes

Levels and vault maps discovered:
D:1:      kennysheep_arrival_forest, layout_rooms, serial_shops,
          nicolae_shop_trees, minmay_pentomino_q2
D:2:      layout_basic, shapermc_ecumenical_altar_hornbeckon, uniq_sigmund,
          uniq_robin, uniq_jessica

Skill      XL: |  1  2  3 |
---------------+----------+-----
Stealth        | 2 |  2.0
Fighting       | |  0.8
Dodging        | |  2.6
Spellcasting   | |  3.5

Action                   || total
-------------------------++-------
Melee: Unarmed           ||     3
 Cast: Magic Dart        ||    57
Armor: Robe              ||     8
Dodge: Dodged            ||    36
